[Event "Allsvenskan Div I 3 2021/2022: SS Manhem - Linköpings ASS"]
[Site "Schackcentrum, Vegatan 20, Gothenburg, Sweden"]
[Date "2022.04.09"]
[Round "1.1"]
[White "Andersson, Mats"]
[Black "Akesson, Joel"]
[Result "1/2-1/2"]
[TimeControl "90 minutes for 40 moves + 30 minutes for the rest of the game + 30 seconds per move from move one."]
[WhiteTitle "FM"]
[BlackTitle "FM"]
[WhiteFideId "1700561"]
[BlackFideId "1705040"]
[WhiteElo "2316"]
[BlackElo "2222"]

1. d4 d5 2. c4 c6 3. cxd5 cxd5 4. Nc3 Nc6 5. Nf3 Nf6 6. Bf4 a6 7. Rc1 Bf5 8. e3 e6 9. Ne5 Nxe5 10.
Bxe5 Nd7 11. Bg3 Qb6 12. Qd2 Rc8 13. Be2 Be7 14. O-O O-O 15. a3 Qa7 1/2-1/2

[Event "Allsvenskan Div I 3 2021/2022: SS Manhem - Linköpings ASS"]
[Site "Schackcentrum, Vegatan 20, Gothenburg, Sweden"]
[Date "2022.04.09"]
[Round "1.2"]
[White "Welin, Mats"]
[Black "Pepic, Rizo"]
[Result "1-0"]
[TimeControl "90 minutes for 40 moves + 30 minutes for the rest of the game + 30 seconds per move from move one."]
[WhiteTitle "FM"]
[WhiteFideId "1705180"]
[BlackFideId "906760"]
[WhiteElo "2329"]
[BlackElo "2218"]

1. e4 e5 2. Nf3 d6 3. d4 Nf6 4. dxe5 Nxe4 5. Qd5 Nc5 6. Bg5 Be7 7. exd6 Qxd6 8. Nc3 f6 9. Be3 Ne6 10.
O-O-O Qxd5 11. Nxd5 c6 12. Nxe7 Kxe7 13. Bc4 Rd8 14. Nd4 Nxd4 15. Bxd4 Rd7 16. Rhe1+ Kd8 17. Be6 1-0

[Event "Allsvenskan Div I 3 2021/2022: SS Manhem - Linköpings ASS"]
[Site "Schackcentrum, Vegatan 20, Gothenburg, Sweden"]
[Date "2022.04.09"]
[Round "1.3"]
[White "Fransson, Jorgen"]
[Black "Fendrich, David"]
[Result "1-0"]
[TimeControl "90 minutes for 40 moves + 30 minutes for the rest of the game + 30 seconds per move from move one."]
[WhiteFideId "1701827"]
[BlackFideId "1705725"]
[WhiteElo "2147"]
[BlackElo "2186"]

1. d4 e6 2. Nf3 c5 3. c4 cxd4 4. Nxd4 a6 5. g3 Qc7 6. b3 Nf6 7. Bg2 Be7 8. O-O O-O 9. Bb2 d6 10.
Nc3 Nbd7 11. Qd2 Re8 12. Rac1 Bf8 13. Rfd1 Rb8 14. h3 Nc5 15. Kh2 Bd7 16. Qc2 b6 17. b4 Nb7 18. Ne4 Nxe4 19.
Bxe4 h6 20. Qb3 Nd8 21. Qf3 f5 22. Bb1 Nc6 23. e4 Nxd4 24. Bxd4 Qb7 25. Qe3 d5 26. exf5 exf5 27. Qc3 dxc4 28.
Qxc4+ Be6 29. Qc3 Rbc8 30. Qb2 b5 31. a3 f4 32. Bc5 fxg3+ 33. fxg3 Bxc5 34. bxc5 Bd5 35. Rxd5 1-0

[Event "Allsvenskan Div I 3 2021/2022: SS Manhem - Linköpings ASS"]
[Site "Schackcentrum, Vegatan 20, Gothenburg, Sweden"]
[Date "2022.04.09"]
[Round "1.4"]
[White "Troedsson, Anton"]
[Black "Carlsson, Ingvar"]
[Result "1-0"]
[TimeControl "90 minutes for 40 moves + 30 minutes for the rest of the game + 30 seconds per move from move one."]
[WhiteFideId "1746006"]
[BlackFideId "1702670"]
[WhiteElo "2119"]
[BlackElo "2043"]

1. Nf3 f5 2. b3 Nf6 3. Bb2 g6 4. g3 Bg7 5. Bg2 d6 6. d4 O-O 7. O-O Qe8 8. c4 Na6 9. Nc3 e5 10.
dxe5 dxe5 11. e4 f4 12. Nd5 Nh5 13. Ba3 Rf7 14. Ng5 Rd7 15. Bh3 Rd8 16. Bxc8 Raxc8 17. Ne7+ Kh8 18. Qg4 Ra8 19.
Qe6 Bf6 20. Nf7+ Kg7 21. Nxd8 Rxd8 22. Rad1 Bxe7 23. Bxe7 Rxd1 24. Rxd1 1-0

[Event "Allsvenskan Div I 3 2021/2022: SS Manhem - Linköpings ASS"]
[Site "Schackcentrum, Vegatan 20, Gothenburg, Sweden"]
[Date "2022.04.09"]
[Round "1.5"]
[White "Axelsson, Tom"]
[Black "Berggren Torell, Harald"]
[Result "0-1"]
[TimeControl "90 minutes for 40 moves + 30 minutes for the rest of the game + 30 seconds per move from move one."]
[WhiteFideId "1701819"]
[BlackFideId "1714031"]
[WhiteElo "2000"]
[BlackElo "2092"]

1. d4 d6 2. Nf3 g6 3. Bg5 Nd7 4. Nbd2 h6 5. Bh4 Ngf6 6. e4 g5 7. Bg3 Nh5 8. Bc4 e6 9. Qe2 Bg7 10.
O-O Nxg3 11. hxg3 g4 12. Nh4 Bxd4 13. c3 Bb6 14. Qxg4 Qg5 15. Qxg5 hxg5 16. Nhf3 g4 17. Nh4 Ne5 18.
Be2 Bd7 19. Nc4 Nxc4 20. Bxc4 Ke7 21. Kh2 Rag8 22. f4 c6 23. Rae1 Rh5 24. f5 Bc7 25. fxe6 fxe6 26. Bd3 d5 27. e5 Be8 28. Re3 Rxe5 29. Rxe5 Bxe5 30. Re1 Kd6 31. Re3 Rh8 32.
Kg1 d4 33. Re4 dxc3 34. bxc3 Rg8 35. Kf2 Bxc3 36. Rxe6+ Kxe6 37. Bc4+ Kf6 38. Bxg8 Bd4+ 39. Ke2 Be5 40. Bh7 Bf7 41. a4 Bb3 42. a5 Bxg3 43. Nf5 Bc7 44.
Ne3 g3 45. a6 bxa6 46. Be4 Ba4 47. Kf3 a5 48. Bd3 Ke6 49. Ke4 Bb3 50. Nc4 a4 51. Kd4 Bd6 52. Kc3 c5 53. Be2 Be5+ 54.
Kd3 Bb2 55. Na5 Bd5 56. Kc2 a3 57. Nc4 Bxg2 58. Bg4+ Ke7 59. Ne3 Be4+ 60. Kb3 g2 61. Nxg2 Bxg2 62. Be2 Bd5+ 63. Kc2 Kd6 64.
Kb1 Bg7 0-1

[Event "Allsvenskan Div I 3 2021/2022: SS Manhem - Linköpings ASS"]
[Site "Schackcentrum, Vegatan 20, Gothenburg, Sweden"]
[Date "2022.04.09"]
[Round "1.6"]
[White "Bengtsson, Jonas"]
[Black "Halvarsson, Peter"]
[Result "0-1"]
[TimeControl "90 minutes for 40 moves + 30 minutes for the rest of the game + 30 seconds per move from move one."]
[WhiteFideId "1715135"]
[BlackFideId "1701843"]
[WhiteElo "2092"]
[BlackElo "1939"]

1. d4 g6 2. c4 Bg7 3. Nf3 c5 4. e4 cxd4 5. Nxd4 Nc6 6. Be3 d6 7. Nc3 Nf6 8. Be2 Bd7 9. O-O O-O 10.
Qd2 Ng4 11. Bxg4 Bxg4 12. Rac1 Re8 13. b3 Qa5 14. f3 Bd7 15. Rfd1 Rad8 16. Ncb5 Qxd2 17. Rxd2 a6 18. Nxc6 Bxc6 19.
Nc7 Rf8 20. Rdc2 Rd7 21. Nd5 f5 22. exf5 Rxf5 23. Nb6 Rd8 24. b4 g5 25. a4 Re5 26. Bf2 Be8 27. Nd5 Bg6 28. Rd2 Rc8 29.
Bd4 Rxd5 0-1

[Event "Allsvenskan Div I 3 2021/2022: SS Manhem - Linköpings ASS"]
[Site "Schackcentrum, Vegatan 20, Gothenburg, Sweden"]
[Date "2022.04.09"]
[Round "1.7"]
[White "Wastlund, Johan"]
[Black "Strom-Engdahl, Alexander"]
[Result "1/2-1/2"]
[TimeControl "90 minutes for 40 moves + 30 minutes for the rest of the game + 30 seconds per move from move one."]
[WhiteFideId "1740318"]
[BlackFideId "1741586"]
[WhiteElo "1936"]
[BlackElo "2023"]

1. e4 e5 2. Nf3 Nf6 3. Nxe5 d6 4. Nf3 Nxe4 5. d4 d5 6. Bd3 Bd6 7. O-O O-O 8. c4 c6 9. Nc3 Nxc3 10.
bxc3 Bg4 11. cxd5 cxd5 12. Re1 Nc6 13. Rb1 b6 14. Be2 Re8 15. Be3 Rc8 16. h3 Bh5 17. Qd2 Na5 18. Rbc1 Nc4 19.
Bxc4 Rxc4 20. Ne5 Rc8 21. Bf4 f6 22. Nd3 Rxe1+ 23. Rxe1 Bf7 24. Bxd6 Qxd6 25. Re3 Qc7 1/2-1/2

[Event "Allsvenskan Div I 3 2021/2022: SS Manhem - Linköpings ASS"]
[Site "Schackcentrum, Vegatan 20, Gothenburg, Sweden"]
[Date "2022.04.09"]
[Round "1.8"]
[White "Lindholm, Gustav"]
[Black "Pettersson, Borje"]
[Result "0-1"]
[TimeControl "90 minutes for 40 moves + 30 minutes for the rest of the game + 30 seconds per move from move one."]
[WhiteFideId "1736515"]
[BlackFideId "1701894"]
[WhiteElo "1971"]
[BlackElo "1904"]

1. d4 c6 2. c4 Nf6 3. Nc3 d5 4. Nf3 dxc4 5. a4 Bf5 6. e3 e6 7. Bxc4 Bb4 8. O-O O-O 9. Qe2 h6 10.
e4 Bg4 11. e5 Nd5 12. Nxd5 cxd5 13. Bd3 Nc6 14. Be3 f6 15. h3 Bxf3 16. Qxf3 fxe5 17. Qg4 Qe7 18. Bxh6 e4 19. Bg5 Qf7 20.
Bb5 Nxd4 21. f3 Nxb5 22. axb5 Bc5+ 23. Kh1 e3 24. b4 Bb6 25. h4 Rac8 26. Rac1 Qf5 27. Qg3 d4 28. h5 d3 29. h6 d2 30. hxg7 Qh7+ 31.
Bh4 Qxg7 32. Rxc8 Rxc8 33. Qd6 Qh6 34. Qg3+ Kf7 35. Rd1 Rh8 0-1